Cogmind - Beta 17.1 @@@ ROGUE MODE // 2026.08.31 @ 10:32:49 Player: UnderDoug Result: Destroyed by MB-X5E(R) with Subdweller Machine Gun Performance ------------- Evolutions (0) 0 Regions Visited (2) 400 Robots Destroyed (27) 135 Value Destroyed (444) 444 Prototype IDs (2) 40 Alien Tech Used (0) 0 Bonus (0) 0 TOTAL SCORE: 1019 Bonus ------- None Cogmind --------- Core Integrity 0/250 Matter 297/300 Energy 250/250 System Corruption 20% Temperature Cool (1) Movement Hovering (120) Ox1 Location -10/Subcaves Parts ------- > --- POWER (1) -------- Ion Engine > --- PROPULSION (2) --- Hover Unit > --- UTILITY (2) ------ Propulsion Shielding > --- WEAPON (2) ------- Light Assault Rifle Light Assault Rifle > --- INVENTORY (5) ---- Light Ion Engine Hover Unit Flight Unit Assault Rifle Mining Laser Peak State ------------ > --- POWER ------------ Light Ion Engine > --- PROPULSION ------- Improved Hover Unit Improved Hover Unit > --- UTILITY ---------- Terrain Scan Processor Seismic Detector > --- WEAPON ----------- Light Assault Rifle Light Assault Rifle > --- INVENTORY -------- Ion Engine Ion Engine Aluminum Leg Light Assault Rifle Mining Laser [Rating: 10] Favorites ----------- Power Light Ion Engine Engine Light Ion Engine Power Core Light Nuclear Core Propulsion Improved Hover Unit Treads Light Treads Leg Aluminum Leg Wheel Wheel Hover Unit Improved Hover Unit Utility Seismic Detector Device Seismic Detector Storage Small Storage Unit Processor Terrain Scan Processor Protection Propulsion Shielding Weapon Light Assault Rifle Ballistic Gun Light Assault Rifle Launcher Grenade Launcher Special Weapon Mining Laser Build | -11 -10 -10 ------- Run | Yrd Mat Sub Slots Evolved . | . . . Power . | . . . Propulsion . | . . . Utility . | . . . Weapon . | . . . Parts Attached 30 | 6 21 3 Power 5 | 1 3 1 Engine 4 | 1 2 1 Core 1 | . 1 . Reactor . | . . . Propulsion 11 | 2 8 1 Treads 2 | . 2 . Leg 2 | . 2 . Wheel 2 | 2 . . Hover 5 | . 4 1 Flight . | . . . Utility 5 | 1 4 . Device 2 | . 2 . Storage 1 | 1 . . Processor 1 | . 1 . Hackware . | . . . Protection 1 | . 1 . Artifact . | . . . Weapon 9 | 2 6 1 Energy Gun . | . . . Energy Cannon . | . . . Ballistic Gun 7 | 2 4 1 Ballistic Cannon . | . . . Launcher 1 | . 1 . Special Weapon 1 | . 1 . Impact Weapon . | . . . Slashing Weapon . | . . . Piercing Weapon . | . . . Special Melee Weapon . | . . . Unidentified Prototypes . | . . . Parts Lost 12 | . 9 3 Power 1 | . 1 . Propulsion 5 | . 3 2 Utility 3 | . 2 1 Weapon 3 | . 3 . Highest Loss Streak 5 | . 5 2 To Critical Strikes . | . . . Average Backups 5 | 3 5 4 Power 1 | . 1 1 Propulsion 2 | 2 2 1 Utility . | . . . Weapon 1 | . 2 2 Tool/Special . | . . . Unused Backups 6 | . 3 3 Power . | . . . Propulsion 3 | . 2 1 Utility . | . . . Weapon 3 | . 1 2 Tool/Special . | . . . Average Slot Usage (%) 95 | . 97 87 Engine 12 | . 12 13 Core 1 | . 1 . Treads 3 | . 4 . Leg 2 | . 2 . Wheel 4 | . 5 . Hover 16 | . 15 24 Device 11 | . 13 6 Storage 4 | . 6 . Processor 4 | . 5 . Protection 4 | . 2 14 Ballistic Gun 25 | . 24 28 Special Weapon 1 | . 2 . Peak Build Rating 10 | 6 10 9 Average Rating 8 | 4 8 7 On Entrance 5 | . 6 9 Avg Prop Armor Cover (%) . | . . . Naked Turns . | . . . Heaviest Build 15 | 13 15 8 Greatest Support 40 | 26 40 14 Greatest Overweight (x) 1 | . 1 1 Average Overweight (x) . | . . . Largest Inventory Capacity 8 | 8 8 5 Average Capacity 6 | 7 6 5 Most Carried 8 | 6 8 5 Average Carried 5 | 3 5 4 Final Capacity 8 | 8 5 5 Final Carried 6 | 6 5 5 Class Distribution -------------------- 100% | Mutant Dominant Class ---------------- Mutant | -10/Materials Mutant | -10/Subcaves Resources | -11 -10 -10 ----------- Run | Yrd Mat Sub Matter Collected 751 | 220 441 90 Remotely . | . . . Salvage Created 546 | . 454 92 Parts 43 | . 30 13 Haulers Intercepted . | . . . Recyclers Shooed . | . . . Parts Field Recycled . | . . . Retrieved Matter . | . . . Parts Self-Destructed 11 | . . 11 Prevented . | . . . Parts Restored . | . . . Kills | -11 -10 -10 ------- Run | Yrd Mat Sub Combat Hostiles Destroyed 20 | . 13 7 Guns 18 | . 11 7 AOE 2 | . 2 . Classes Destroyed 5 | . 5 . Worker 3 | . 3 . Operator 1 | . 1 . Watcher 3 | . 3 . Swarmer 14 | . 7 7 Grunt 6 | . 6 . Best Kill Streak 6 | . 6 4 Combat Bots Only 4 | . 4 4 Max Kills in Single Turn 2 | . 2 1 Gunslinging . | . . . Exploded 2 | . 2 . Melee . | . . . Uniques/NPCs Destroyed . | . . . Combat | -11 -10 -10 -------- Run | Yrd Mat Sub Hostile Shots Fired 145 | . 85 60 Missed 43 | . 24 19 Hits 102 | . 61 41 Projectile 102 | . 61 41 Critical Strikes 1 | . . 1 Damage Taken 1435 | . 1072 363 Core 264 | . 136 128 Absorbed by Shields . | . . . Redirected to Shielding 17 | . . 17 Core Remaining (%) 100 | 100 . . Volleys Fired 87 | . 71 16 Largest 2 | . 2 2 Hottest 100 | . 100 40 Shots Fired 161 | . 129 32 Gun 148 | . 116 32 Cannon . | . . . Launcher 1 | . 1 . Special 12 | . 12 . Kinetic 148 | . 116 32 Thermal 12 | . 12 . Explosive 1 | . 1 . Electromagnetic . | . . . Robot Hit Streak 14 | . 14 5 Robot Miss Streak 4 | . 3 4 Penetration Max . | . . . Secondary Targets 4 | . 2 2 Max Gunslinging Chain 1 | . 1 1 Shots Hit Robots 82 | . 63 19 Core Hits 46 | . 35 11 Critical Kills . | . . . Critical Parts Destroyed . | . . . Critical Strikes . | . . . Melee Attacks . | . . . Impact . | . . . Slashing . | . . . Piercing . | . . . Sneak Attacks . | . . . Combat Hostiles . | . . . Follow-up Attacks . | . . . Damage Inflicted 979 | . 804 175 Guns 725 | . 550 175 Cannons . | . . . Explosions 254 | . 254 . Melee . | . . . Ramming . | . . . Kinetic 725 | . 550 175 Thermal 148 | . 148 . Explosive 106 | . 106 . Electromagnetic . | . . . Impact . | . . . Slashing . | . . . Piercing . | . . . Highest Corruption 20 | . 20 20 Average Corruption 8 | . 5 20 Corruption Purged . | . . . Corruption Blocked . | . . . Effects 28 | . 16 12 Message Errors 8 | . 5 3 Matter Fused 6 | . 4 2 Heat Flow Errors 4 | . 3 1 Energy Discharges 2 | . 1 1 Parts Rejected 1 | . . 1 Data Loss (minor) 2 | . 1 1 Data Loss (major) 2 | . 1 1 Misfires 1 | . . 1 Weapon Failures 2 | . 1 1 Overload Shots . | . . . Overflow Damage 80 | . 80 . Projectiles . | . . . Explosions 80 | . 80 . Melee . | . . . Knockbacks . | . . . Impact . | . . . Kinetic . | . . . Secondary . | . . . Self-Inflicted Damage 193 | . 193 . Shots 3 | . 3 . Rammed . | . . . Targets Rammed . | . . . Kicked . | . . . Crushed . | . . . Highest Temperature 263 | . 212 263 Average Temperature 36 | . 30 124 Received Heat Transfer 213 | . 177 36 Siege Activations . | . . . Martial Activations . | . . . Shielding Activations . | . . . Robots Disrupted . | . . . Combat Hostiles . | . . . Robots Corrupted . | . . . Combat Hostiles . | . . . Parts Fried . | . . . Impact Corruptions . | . . . Robots Melted . | . . . Combat Hostiles . | . . . Parts Melted . | . . . Heat Transferred 100 | . 100 . Parts Sabotaged . | . . . Parts Stolen . | . . . Parts Stripped . | . . . Power Chain Reactions . | . . . Alert | -11 -10 -10 ------- Run | Yrd Mat Sub Maximum Alert Level 1 | . 1 . Low Security (%) 77 | 100 76 . Level 1 22 | . 23 . Level 2 . | . . . Level 3 . | . . . Level 4 . | . . . Level 5 . | . . . High Security . | . . . Max Security . | . . . Peak Influence 227 | . 227 . Initial . | . . . Average 124 | . 131 . Influence Increases 755 | . 530 225 Destroy 0b10 Robot/C 400 | . 260 140 Destroy 0b10 Robot/NC 35 | . 35 . Destroy Leader 76 | . 66 10 Trap Triggered on 0b10 50 | . 50 . Successful Hack 14 | . 14 . Disable Machine 30 | . 30 . Destroy Structure 45 | . 45 . Lose Combat Pursuer 105 | . 30 75 Influence Decreases 618 | . 448 170 Entered New Map 40 | . . 40 Time Decay 458 | . 358 100 Lost Part 120 | . 90 30 Squads Dispatched 2 | . 2 . Investigation . | . . . Extermination . | . . . Reinforcement 2 | . 2 . Assault . | . . . Garrison . | . . . Intercept . | . . . Searches Triggered . | . . . Construction Impeded . | . . . Haulers Reinforced . | . . . Active Scanning Responses . | . . . Cargo Convoy Interrupts . | . . . Stealth | -11 -10 -10 --------- Run | Yrd Mat Sub Distress Signals 1 | . 1 . Communications Jammed . | . . . Distress Signals . | . . . Times Spotted 36 | . 23 13 Peak Tracking Total 6 | . 4 6 Tactical Retreats 4 | . 2 2 Traps | -11 -10 -10 ------- Run | Yrd Mat Sub Traps Triggered 1 | . 1 . Indirectly . | . . . Trap Hack Attempts . | . . . Triggered . | . . . Disarmed . | . . . Reprogrammed 6 | . 6 . Reused 5 | . 5 . Traps Extracted . | . . . Installed . | . . . Triggered 5 | . 5 . Machines | -11 -10 -10 ---------- Run | Yrd Mat Sub Machines Disabled 2 | . 2 . Max in Single Turn 2 | . 2 . Machines Repaired . | . . . Machines Dismantled . | . . . Machines Sabotaged . | . . . Overloaded Fab Kills . | . . . Hacking | -11 -10 -10 --------- Run | Yrd Mat Sub Machines Accessed 5 | . 5 . Terminals 5 | . 5 . Fabricators . | . . . Repair Stations . | . . . Recycling Units . | . . . Scanalyzers . | . . . Garrison Access . | . . . Total Hacks 16 | . 16 . Successful 6 | . 6 . Failed 10 | . 10 . Catastrophic 3 | . 3 . Database Lockouts . | . . . Manual . | . . . Terminals 16 | . 16 . Fabricators . | . . . Repair Stations . | . . . Recycling Units . | . . . Scanalyzers . | . . . Garrison Access . | . . . Terminal Hacks 6 | . 6 . Robot Analysis 1 | . 1 . Prototype ID Bank 1 | . 1 . Locate Traps 1 | . 1 . Reprogram Traps 1 | . 1 . Zone Layout 2 | . 2 . Fabricator Hacks . | . . . Repair Station Hacks . | . . . Recycling Unit Hacks . | . . . Scanalyzer . | . . . Garrison Access Hacks . | . . . Unauthorized Hacks . | . . . Terminals . | . . . Fabricators . | . . . Repair Stations . | . . . Recycling Units . | . . . Scanalyzers . | . . . Garrison Access . | . . . Data Cores Recovered 1 | . 1 . Used 1 | . 1 . Hacking Detections 5 | . 5 . Full Trace Events 3 | . 3 . Feedback Events . | . . . Feedback Blocked . | . . . Robot Schematics Acquired . | . . . Robots Built . | . . . Authchips . | . . . Time . | . . . Total Robot Build Rating . | . . . Part Schematics Acquired . | . . . Parts Built . | . . . Authchips . | . . . Time . | . . . Total Part Build Rating . | . . . Part Studies Acquired . | . . . Parts Repaired . | . . . Time . | . . . Parts Recycled . | . . . Recycled Matter . | . . . Retrieved Matter . | . . . Retrieved Components . | . . . Parts Scanalyzed . | . . . Part Schematics Acquired . | . . . Parts Damaged . | . . . Bothacking | -11 -10 -10 ------------ Run | Yrd Mat Sub Used RIF Installer . | . . . Robots Hacked . | . . . Non-combat . | . . . Combat . | . . . Robot Hacks Applied . | . . . Relay Couplers Released . | . . . Fabnet Peak Effective % . | . . . Robots Rewired . | . . . Allies Hacked . | . . . Hacks Repelled . | . . . Allies | -11 -10 -10 -------- Run | Yrd Mat Sub Total Allies . | . . . Largest Group . | . . . Highest-Rated Group . | . . . Highest-Rated Ally . | . . . Total Orders . | . . . Ally Attacks . | . . . Total Damage . | . . . Kills . | . . . Allies Corrupted . | . . . Allies Melted . | . . . Intel | -11 -10 -10 ------- Run | Yrd Mat Sub Active Infowar (turns) 987 | . 908 79 Seismic 987 | . 908 79 Robot Analysis Total 1 | . 1 . Derelict Logs Recovered 1 | . . 1 Drone Launches . | . . . Drone Recoveries . | . . . Exploration | -11 -10 -10 ------------- Run | Yrd Mat Sub Turns Passed 1217 | 54 956 207 Spaces Moved 1230 | 45 921 264 Core 12 | 1 11 . Treads 56 | . 56 . Legs 36 | . 36 . Wheels 164 | 44 120 . Hover 962 | . 698 264 Flight . | . . . Fastest Speed 50 | 50 56 56 Average Speed 68 | 87 69 60 Slowest Speed 160 | 90 160 120 Overloaded Moves . | . . . Propulsion Burnouts . | . . . Robots Hopped . | . . . Potential Cave-ins . | . . . Cave-ins Triggered 1 | . 1 . Exploration Rate (%) 40 | 3 96 22 Regions Visited 2 Branch Regions 1 Pre-discovered Areas . | . . . Known Exits Taken . | . . . Unknown Exits Taken 2 | 1 1 . Scrap Searched . | . . . Spaces Dug 11 | . 11 . Terrain Destroyed 46 | . 46 . Melee . | . . . Projectile 11 | . 11 . AOE 35 | . 35 . Terrain Rammed . | . . . Walls Destroyed . | . . . Machines Disabled . | . . . Actions | -11 -10 -10 --------- Run | Yrd Mat Sub Total 1442 | 56 1099 287 Wait 52 | . 51 1 Move 1227 | 44 919 264 Hop . | . . . Pick Up 24 | 6 17 1 Fast Attach 11 | 6 4 1 Attach 11 | . 10 1 Detach . | . . . Swap 15 | . 13 2 Drop 15 | . 14 1 Fire 87 | . 71 16 Melee . | . . . Ram . | . . . Kick . | . . . Crush . | . . . Escape Stasis . | . . . Rewire . | . . . Trap . | . . . Miscellaneous . | . . . Route ------- -11/Scrapyard -10/Materials (discovered 6 exits: [*Mat x3] / [*Min x2] / [*Sub]) -10/Subcaves (discovered 1 exit: [*Rec]) History --------- Turn | Location | Event 18 | -11/Scrapyard | Discovered new exit (range 16) 55 | -11/Scrapyard | Entered Materials 207 | -10/Materials | Discovered new exit (range 16) 332 | -10/Materials | Build established: Mutant 338 | -10/Materials | Lost 3 parts (1p1n1w) 378 | -10/Materials | Discovered new exit (range 14) 498 | -10/Materials | Discovered new exit (range 14) 766 | -10/Materials | Core integrity fell below 50% 777 | -10/Materials | Discovered new exit (range 8) 858 | -10/Materials | Crushed by falling debris 858 | -10/Materials | System corruption reached 10% 884 | -10/Materials | Discovered new exit (range 14) 889 | -10/Materials | Lost 5 parts (2n1u2w) 1005 | -10/Materials | Discovered new exit (range 10) 1011 | -10/Materials | Entered Subcaves 1011 | -10/Subcaves | Learned location of 2 exits from Materials 1039 | -10/Subcaves | Shifting Twisted Machinery released Sub. Beam Cannon 1078 | -10/Subcaves | Discovered new exit (range 14) 1185 | -10/Subcaves | Core integrity fell below 20% 1217 | -10/Subcaves | Ambushed by Subdwellers from Twisted Machinery 1218 | -10/Subcaves | A swath of the cavern ceiling suddenly collapsed 1218 | -10/Subcaves | Destroyed by MB-X5E(R) with Subdweller Machine Gun Last Messages --------------- S-10 Pest destroyed. Flight Unit fries itself beyond repair. Acquired Flight Unit. Flight Unit fries itself beyond repair. Acquired Ion Engine. System corrupted: Substantial component data lost. Lgt. Assault Rifle fries itself beyond repair. Flight Unit fries itself beyond repair. Acquired 11 matter. Acquired 27 matter. Acquired 10 matter. Subatomizers dissect the Ion Engine. System corrupted: FCS attempts to trigger Lgt. Assault Rifle. System corrupted: Lgt. Assault Rifle misfires. Wheel crushed. Ion Engine crushed. A swath of the cavern ceiling suddenly collapses. Map ----- +----------------------------------------------------+ | ?????????????????????????????????????????????????? | | ?????????????????????????????????????????????????? | | ?????????????????????????????????????????????????? | | ?????????????????????????????????????????????????? | | ?????????????????????????????????????????????????? | | ?????????????????????????????????????????????????? | | ?????????????????????????????????????????????????? | | ?????????????????????????????????????????????????? | | ?????????????????????????????????????????????????? | | ?????????????????????????????????????????????????? | | ?????????????????????????????????????????????????? | | ?????????????????????????????????????????????????? | | ?????????????????????????????????????????????????? | | ?????????????????????????????????????????????????? | | ???????????????????????????????????? ????????????? | | ???????????????????????#???????##?? ????????????? | | ??????????????????????? ####?## ## ???????????? | | ??????????????????????? # %## ????????????? | | ???????????? ?????????? ; ??????????????? | | ??????????? ?????????#; = ???????????????? | | ??????????? #???#####%% % ????????????????? | | ???????????"R ### ; * ??????????????????? | | ????????????# % ;## ???????????????????? | | ????????????# #;; ??####??????????????? | | ????????????????# ;##??? ##?????????????? | | ????????????????# @#??## #?????????????? | | ?????????????????# #?## #??????????????? | | ???????????????# ### #### #???????????????? | | ???????????????# ????## ### #????????????????? | | ????????????????????## ## #????????????????? | | ????????????????????# #????????????????? | | ????????????????????# % #????????????????? | | ????????????????????## ## % #????????????????? | | ?????????????????????### ## ##???????????????? | | ???????????????????????## # #???????????????? | | ????????????????????????#### ###???????????????? | | ???????????????????????????## ##????????????????? | | ???????????????????????????# #????????????????# | | ???????????????????????????## ##????????????????# | | ?????????????????# ??????#### ##????????????????# | | ??????????????????# #### ####????###??????# | | ??????????????????# ## ##### #?????# | | ??????????????????## ## ##???? | | ???????????????????## ## ## ##??? | | ????????????????????# ## ### ## ##?# | | ????????????????????# #?# #### ##??# ### | | ?????????????????? #?## ### #?## | | ???????????????? #?## ## #### # | | ???????????????? #?## ### ## | | ???????????????? ## #??# ""##? | +----------------------------------------------------+ Best States ------------- Heat Dissipation 25 Energy Generation 14 Energy Capacity 250 Matter Stores 300 Matter Capacity 300 Sight Range 16 Terrain Scan Density 85 Propulsion Shielding 33 Evasion (%) 55 Recoil Reduction 2 Item Schematics ----------------- None Robot Schematics ------------------ None Fabricated ------------ Nothing Repaired ---------- Nothing Studied --------- None Alien Tech Used ----------------- None Achievements -------------- Unlikely Earthworm Challenges ------------ None Game ------ Seed GammaMappingWheel Manual? 0 Play Time 00:18:05 Cumulative 8.6 hours Start 2026.08.30 @ 21:44:15 End 2026.08.31 @ 10:32:49 Sessions 1 Manual Loads 0 Difficulty Rogue Special Mode None Game No. 19 Rogue 19 Adventurer 0 Explorer 0 Win Type - Total 0 Types 0/0/0/0/0/0/0/0/0/0 Lore% 18 Gallery% 11 Achievement% 13 Wizard Run 0 Options --------- Layout 1 ASCII 0 Keyboard 0 Movement Mouse Keybinds 0 Fullscreen 2 Font 24/X11 Map View 50x35 Zoom Use 0% Tactical HUD 0 Map Filters NONE Filters NONE Steam 1 RUN: 0d215cca-e072-40f1-b232-34fd28aa168d